 Dungeon Crawl Stone Soup version 0.17.0-28-g6e173f8 (webtiles) character file.

653 PossumBlood the Covered (level 7, 0/53 HPs)
             Began as a Human Fighter on Nov 28, 2015.
             Slain by a phantom (6 damage)
             ... on level 4 of the Dungeon.
             The game lasted 00:09:15 (4590 turns).

PossumBlood the Covered (Human Fighter)             Turns: 4590, Time: 00:09:15

Health: 0/53       AC:  7    Str: 19    XL:     7   Next: 84%
Magic:  7/7        EV:  9    Int: 13    God:
Gold:   129        SH:  9    Dex: 12    Spells: 0 memorised, 6 levels left

rFire  . . .     SeeInvis .     a - +0 long sword
rCold  . . .     Clarity  .     b - +0 scale mail
rNeg   . . .     SustAt   .     c - +0 shield
rPois  +         Gourm    .     (no helmet)
rElec  .         Spirit   .     (no cloak)
rCorr  .         Warding  .     (no gloves)
rMut   .         Stasis   .     (no boots)
MR     .....                    (no amulet)
Stlth  ..........               (no ring)
                                i - ring of poison resistance

@: brilliant, not resistant to hostile enchantments, extremely unstealthy
A: no striking features
a: no special abilities


You were on level 4 of the Dungeon.
You were not hungry.

You visited 1 branch of the dungeon, and saw 4 of its levels.
You also visited: Sewer.

You collected 129 gold pieces.

Inventory:

Hand Weapons
 a - a +0 long sword (weapon)
 q - a +3 flail of holy wrath
Armour
 b - a +0 scale mail (worn)
 c - a +0 shield (worn)
Jewellery
 i - a ring of poison resistance (left hand)
Wands
 o - a wand of teleportation (4)
Scrolls
 e - a scroll of blinking {unknown}
 f - 7 scrolls of teleportation
 g - 3 scrolls of identify
 l - 3 scrolls of enchant weapon {unknown}
 m - 2 scrolls of magic mapping {unknown}
 n - a scroll of noise {unknown}
 s - a scroll of recharging {unknown}
 u - a scroll of remove curse {unknown}
Potions
 d - 3 potions of might
 h - a potion of brilliance
 j - 4 potions of curing
 k - a potion of poison
 p - a potion of haste {unknown}
 t - a potion of magic {unknown}


   Skills:
 + Level 3.9 Fighting
 * Level 4.4 Long Blades
 + Level 4.7 Armour
 + Level 3.2 Dodging
 + Level 4.7 Shields


You had 6 spell levels left.
You didn't know any spells.

Dungeon Overview and Level Annotations

Branches:
Dungeon (4/15)
 Temple: D:4-7

Altars:
Gozag
Makhleb
Xom
Zin

Annotations:
D:4 Sigmund


Message History

Your shield and scale mail prevent you from hitting the phantom.
The phantom is moderately damaged.
The phantom hits you.
* * * LOW HITPOINT WARNING * * *
You miss the phantom.
The phantom is moderately damaged.
The phantom hits you but does no damage.
You miss the phantom.
The phantom is moderately damaged.
The phantom barely misses you.
You slash the phantom!
The phantom is heavily damaged.
The phantom hits you.
* * * LOW HITPOINT WARNING * * *
The phantom blinks!
You start resting.
You miss the phantom.
The phantom is heavily damaged.
The phantom hits you.
You die...

#..........#.##.....
###.....####.##.##.#
#....## #.##.##.#
#....# #........
#....# ####.##.#
#....# #.##.# #....#
#..... ##W### ####.#
#@..############.#
#...#.............
#8_8#............#
##################


You could see a phantom.

Vanquished Creatures
  An ice beast (D:4)
  Purgy (Sewer)
  An ogre (D:3)
  5 hounds
  An orc wizard (D:3)
  10 adders
  2 adder skeletons (D:4)
  11 orcs
  5 bats
  3 giant cockroaches
  7 goblins
  7 hobgoblins
  4 jackals (D:3)
  8 kobolds
  4 quokkas
  4 ball pythons
  7 giant geckos
  A giant gecko skeleton (D:4)
  11 giant newts
  8 rats
101 creatures vanquished.

Notes
Turn   | Place    | Note
--------------------------------------------------------------
     0 | D:1      | PossumBlood the Human Fighter began the quest for the Orb.
     0 | D:1      | Reached XP level 1. HP: 18/18 MP: 1/1
   263 | D:1      | Reached XP level 2. HP: 24/24 MP: 2/2
   622 | D:2      | Reached XP level 3. HP: 24/29 MP: 3/3
   905 | D:2      | Reached skill level 1 in Dodging
   905 | D:2      | Reached XP level 4. HP: 26/35 MP: 4/4
  1575 | D:3      | Noticed an ogre
  1584 | D:3      | Killed an ogre
  1584 | D:3      | Reached XP level 5. HP: 10/41 MP: 5/5
  1906 | D:3      | Reached skill level 4 in Shields
  2251 | D:3      | Reached XP level 6. HP: 21/47 MP: 6/6
  2578 | D:3      | Noticed an angel
  2578 | D:3      | Found a glowing silver altar of Zin.
  2578 | D:3      | Found a shimmering altar of Xom.
  2867 | D:3      | Found a burning altar of Makhleb.
  3062 | D:4      | Found an opulent altar of Gozag.
  3325 | D:4      | Noticed an ice beast
  3343 | D:4      | Killed an ice beast
  3343 | D:4      | Reached XP level 7. HP: 17/52 MP: 7/7
  3657 | D:4      | Found a glowing drain.
  3679 | Sewer    | Entered a sewer
  3727 | Sewer    | Noticed Purgy
  3746 | Sewer    | Killed Purgy
  4536 | D:4      | Noticed Sigmund
  4590 | D:4      | Slain by a phantom

Action                   |  1- 3 |  4- 6 |  7- 9 || total
-------------------------+-------+-------+-------++-------
Melee: Long sword        |   111 |   257 |   129 ||   497
  Use: Scroll            |       |     2 |     1 ||     3
       Potion            |       |       |     3 ||     3
  Eat: Bread ration      |       |     2 |     1 ||     3
       Fruit             |       |     3 |       ||     3
